 Dungeon Sprint DCSS version 0.22.1-2-g9c5b331 (webtiles) character file.

79 diana the Basher (level 4, -13/35 HPs)
             Began as a Formicid Fighter on Dec 19, 2018.
             Mangled by a water elemental (19 damage)
             ... in the Dungeon (Sprint III: "The Ten Rune Challenge").
             The game lasted 00:01:35 (762 turns).

diana the Basher (Formicid Fighter)                  Turns: 762, Time: 00:01:37

Health: -13/35     AC:  6    Str: 22    XL:     4   Next: 64%
Magic:  4/4        EV:  8    Int:  7    God:
Gold:   25         SH:  9    Dex:  8    Spells: 3/3 levels left

rFire    . . .     SeeInvis +   a - +0 flail
rCold    . . .     Gourm    .   c - +0 shield
rNeg     . . .     Faith    .   b - +0 scale mail
rPois    .         Spirit   .   (helmet unavailable)
rElec    .         Reflect  .   (no cloak)
rCorr    .         Harm     .   (no gloves)
MR       .....                  (no boots)
Stlth    ..........             (no amulet)
HPRegen  0.11/turn              (no ring)
MPRegen  0.09/turn              (no ring)

@: engulfed (cannot breathe)
A: permanent stasis, dig shafts and tunnels, four strong arms, antennae 3,
clumsy 1, sense surroundings 1, MP-powered wands
a: Dig


You were in the Dungeon.
You were not hungry.

You visited 1 branch You collected 25 gold pieces.

Inventory:

Hand Weapons
 a - a +0 flail (weapon)
Armour
 b - a +0 scale mail (worn)
 c - a +0 shield (worn)
Scrolls
 k - a scroll of blinking
 m - 2 scrolls of torment {unknown}
 n - 3 scrolls of identify
 o - 4 scrolls of remove curse
Potions
 d - a potion of might
 e - a potion of curing
 g - 2 potions of heal wounds
 h - a potion of haste
 i - 2 potions of magic
 j - a potion of berserk rage
 p - a potion of cancellation {unknown}
 q - a potion of flight {unknown}
Comestibles
 f - 4 rations


   Skills:
 - Level 3.2 Fighting
 * Level 8.5 Maces & Flails
 - Level 3.2 Armour
 - Level 3.6 Shields


You had 3 spell levels left.
You didn't know any spells.
Your spell library was empty.

Dungeon Overview and Level Annotations

Branches:
Dungeon (1/1)

Altars:


Innate Abilities, Weirdness & Mutations

You cannot be hasted, slowed, berserked, paralysed or teleported.
You can dig through walls and to a lower floor.
Your four strong arms can wield two-handed weapons with a shield.
You have a pair of large antennae on your head. (SInv)
You are clumsy. (Dex -2)
You passively map a small area around you.
You expend magic power (3 MP) to strengthen your wands.


Message History

A water elemental comes into view.
You block the water elemental's attack.
There is an open door to the Ecumenical Temple here.
You sock the water elemental!
The water elemental is heavily damaged.
The water elemental hits you!
The water elemental engulfs you in water!
You hit the water elemental.
The water elemental is severely damaged.
Your lungs strain for air!
The water elemental hits you!
* * * LOW HITPOINT WARNING * * *
You are too injured to fight recklessly!
You barely miss the water elemental.
The water elemental is severely damaged.
* * * LOW HITPOINT WARNING * * *
Your lungs strain for air!
The water elemental hits you!!
Ouch! That really hurt!
You die...

▓▓▓▓▓▓▓▓▓▓ ▓▓▓
.#..'....♣♣♣ ♣.#* ***
.#..#....♣.♣ ♣.# _ ___ *
'####.....♣ ♣♣.#{, _ ,,
....#....≈♣♣♣♣..###+#+##
+
....#...≈≈♣.♣.♣.#.......
, ,
....#..≈≈≈≈...♣.@.⌠.....,
,
###'#..≈≈≈≈≈≈♣..#E..####
....#.≈≈≈≈≈≈....#.⌠.# *
....#.≈≈≈≈≈.....#...#
....#.≈≈≈.......#+###_
###.#...........# {{*
................# _ {+
▓▓▓▓▓▓▓▓▓▓▓▓▓▓▓▓▓* * ,{ ≈
{ {** ,,, *


You could see a water elemental.

Vanquished Creatures
  A scorpion (D)
  A human (D)
  2 oozes (D)
  2 rats (D)
6 creatures vanquished.

Vanquished Creatures (others)
  2 draconian scorchers (D)
  6 hellions (D)
  2 yaktaurs (D)
10 creatures vanquished.

Grand Total: 16 creatures vanquished

Notes
Turn   | Place    | Note
-------+----------+-------------------------------------------
     0 | D        | diana the Formicid Fighter began the quest for the Orb.
     0 | D        | Reached XP level 1. HP: 18/18 MP: 1/1
     6 | D        | Reached skill level 3 in Maces & Flails
     8 | D        | Reached skill level 4 in Maces & Flails
     8 | D        | Reached XP level 2. HP: 22/24 MP: 2/2
    53 | D        | Noticed a scorpion
    58 | D        | Killed a yaktaur
    72 | D        | Killed a scorpion
    72 | D        | Reached skill level 7 in Maces & Flails
    72 | D        | Reached XP level 3. HP: 13/29 MP: 3/3
    72 | D        | Reached XP level 4. HP: 16/35 MP: 4/4
   103 | D        | Killed a hellion
   105 | D        | Killed a hellion
   164 | D        | Killed a hellion
   165 | D        | Killed a hellion
   165 | D        | Killed a hellion
   166 | D        | Killed a hellion
   207 | D        | Killed a white draconian scorcher
   220 | D        | Killed a white draconian scorcher
   403 | D        | Gained mutation: Scrolls take you a little longer to read.
                  | [potion of mutation]
   403 | D        | Gained mutation: You expend magic power (3 MP) to
                  | strengthen your wands. [potion of mutation]
   403 | D        | Gained mutation: Your flesh is cold resistant. (rC+)
                  | [potion of mutation]
   405 | D        | Lost mutation: Your flesh is cold resistant. (rC+) [potion
                  | of mutation]
   405 | D        | Lost mutation: Scrolls take you a little longer to read.
                  | [potion of mutation]
   405 | D        | Gained mutation: You have an increased reservoir of magic.
                  | (+10% MP) [potion of mutation]
   405 | D        | Gained mutation: You are somewhat resistant to further
                  | mutation. [potion of mutation]
   406 | D        | Lost mutation: You expend magic power (3 MP) to strengthen
                  | your wands. [potion of mutation]
   406 | D        | Lost mutation: You are somewhat resistant to further
                  | mutation. [potion of mutation]
   406 | D        | Lost mutation: You have an increased reservoir of magic.
                  | (+10% MP) [potion of mutation]
   406 | D        | Gained mutation: Your spells are a little easier to cast,
                  | but a little less powerful. [potion of mutation]
   406 | D        | Gained mutation: You are frail. (-10% HP) [potion of
                  | mutation]
   406 | D        | Gained mutation: Your mind is acute. (Int +2) [potion of
                  | mutation]
   407 | D        | Lost mutation: Your spells are a little easier to cast, but
                  | a little less powerful. [potion of mutation]
   407 | D        | Lost mutation: You are frail. (-10% HP) [potion of
                  | mutation]
   407 | D        | Lost mutation: Your mind is acute. (Int +2) [potion of
                  | mutation]
   407 | D        | Gained mutation: You are dopey. (Int -2) [potion of
                  | mutation]
   407 | D        | Gained mutation: You passively map a small area around you.
                  | [potion of mutation]
   408 | D        | Lost mutation: You are dopey. (Int -2) [potion of mutation]
   408 | D        | Lost mutation: You passively map a small area around you.
                  | [potion of mutation]
   408 | D        | Gained mutation: You passively map a small area around you.
                  | [potion of mutation]
   408 | D        | Gained mutation: You are clumsy. (Dex -2) [potion of
                  | mutation]
   408 | D        | Gained mutation: You expend magic power (3 MP) to
                  | strengthen your wands. [potion of mutation]
   473 | D        | Reached skill level 8 in Maces & Flails
   546 | D        | Killed a yaktaur
   758 | D        | Noticed a water elemental
   762 | D        | Mangled by a water elemental

Skill      XL: |  1  2  3  4 |
---------------+-------------+-----
Maces & Flails | 4 7 8 |  8.5
Fighting       | |  3.2
Armour         | |  3.2
Shields        | |  3.6

Action                   |  1- 3 |  4- 6 || total
-------------------------+-------+-------++-------
Melee: Flail             |    16 |    18 ||    34
 Abil: Dig               |       |     2 ||     2
  Use: Potion            |       |     5 ||     5
Armor: Scale mail        |     4 |       ||     4
Dodge: Dodged            |     5 |     1 ||     6
Block: Shield            |     8 |     9 ||    17
